AoeStats
← ccvillegas20

Migration

510234869Analyzed
1v1 RM · 2d ago on Sep 30, 2026· 42m 35s· 2 players
Game mode
Random Map
Map size
132×132
Population
200
Speed
Normal
Resources
Standard
Victory
Conquest
Starting age
Dark Age
Ending age
Imperial Age
RankedLock teamsTeams togetherTeam positionsShared explorationLock speedFull tech treeHidden civsTurbo modeCheats
Victory
Defeat
🇺🇸 Vikings · United States
855
+18
🇨🇴 Varangians · Colombia
894
-18
ccvillegas20
11:44 Feudal Age
12:29 Double-Bit Axe
13:15 Fishing Lines
18:56 Castle Age
16:50 Fletching
20:40 Gillnets
22:24 Wheelbarrow
23:41 Gold Mining
27:07 Loom
28:33 Clinker Construction
28:45 Ballistics
28:37 Careening
29:31 Bow Saw
32:22 Treadmill Crane
35:54 Imperial Age
33:52 Bodkin Arrow
34:36 Forging
34:32 Scale Barding Armor
36:09 Bloodlines
37:39 Bracer
43:46 Chemistry
Count Toadfrog
10:07 Feudal Age
8:24 Loom
11:00 Double-Bit Axe
11:45 Town Watch
11:59 Stone Mining
19:45 Castle Age
18:07 Gold Mining
20:35 Fishing Lines
21:06 Medium Warships
27:52 Gillnets
28:16 Bow Saw
27:54 Horse Collar
29:46 Fletching
31:56 Clinker Construction
31:59 Careening
31:53 Bodkin Arrow
32:29 Heavy Plow
36:55 Imperial Age
36:07 Town Patrol
37:02 Scale Mail Armor
37:12 Forging
38:10 Conscription
37:14 Capped Ram
39:02 Heavy Warships
39:35 Dry Dock
39:22 Siege Engineers
39:40 Ballistics
Connection lost

Rejoining the realm…

Still unreachable

The connection could not be restored.

Session expired

The server has moved on; the page needs a fresh start.